 Dungeon Crawl Stone Soup version 0.31.0 (webtiles) character file.

Game seed: 5377600159552937455

69 qw the Shooter (level 4, -1/28 HPs)
             Began as a Gargoyle Hunter on Jan 19, 2024.
             Slain by Grinder (6 damage)
             ... on level 3 of the Dungeon.
             The game lasted 00:00:06 (1893 turns).

qw the Shooter (Gargoyle Hunter)                    Turns: 1893, Time: 00:00:07

Health: -1/28      AC:  8    Str: 15    XL:     4   Next: 20%
Magic:  4/4        EV: 11    Int:  9    God:
Gold:   157        SH:  0    Dex: 15    Spells: 3/3 levels left

rFire   . . .        a - +0 shortbow
rCold   . . .        (shield currently unavailable)
rNeg    + . .        i - +0 ring mail
rPois   inf          (no helmet)
rElec   +            (no cloak)
rCorr   .            (no gloves)
SInv    .            (no boots)
Will    .....        (no amulet)
Stlth   +            (no ring)
HPRegen 0.24/turn    (no ring)
MPRegen 0.09/turn

%: no passive effects
@: no status effects
A: sickness immunity, AC +3, negative energy resistance 1, electricity
resistance, torment resistance 1, petrification resistance
a: no special abilities


You were on level 3 of the Dungeon.
You visited 1 branch of the dungeon, and saw 3 of its levels.

You collected 157 gold pieces.


Innate Abilities, Weirdness & Mutations

You are immune to sickness and miasma.
Your stone body is resilient. (AC +3)
You are immune to poison.
You resist negative energy. (rN+)
You are resistant to electric shocks. (rElec)
You are resistant to unholy torment.
You are immune to petrification.


   Skills:
 - Level 3.2 Fighting
 + Level 5.0 Ranged Weapons
 - Level 1.0 Armour
 - Level 1.5 Dodging
 - Level 1.1 Stealth


You had 3 spell levels left.
You didn't know any spells.
Your spell library was empty.

Inventory:

Hand Weapons
 a - a +0 shortbow (weapon)
Armour
 i - a +0 ring mail (worn)
Wands
 e - a wand of polymorph (8)
Potions
 b - a potion of attraction {unknown}
 c - a potion of curing {unknown}
 f - 2 potions of degeneration {unknown}
 g - a potion of enlightenment {unknown}
 k - a potion of ambrosia {unknown}

Dungeon Overview and Level Annotations

Branches:
Dungeon (3/15)

Altars:
Qazlal

Shops:
D:2 =

Annotations:
D:3 Grinder


Message History

The frilled lizard bites you.
You shoot an arrow.
The arrow closely misses the frilled lizard.
The frilled lizard barely misses you.
You shoot an arrow.
The arrow closely misses the frilled lizard.
Grinder gestures at you. You resist with significant effort.
The frilled lizard bites you but does no damage.
You shoot an arrow.
The arrow barely misses the frilled lizard.
The frilled lizard barely misses you.
Grinder sighs, "No one appreciates my work."
Grinder gestures at you.
You barely resist. You shoot an arrow. The arrow hits the frilled lizard!
You kill the frilled lizard!
Grinder blinks!
You shoot an arrow. The arrow hits Grinder.
Grinder is lightly wounded.
You shoot an arrow. The arrow hits Grinder.
Grinder is lightly wounded.
You shoot an arrow. The arrow barely misses Grinder.
Grinder hits you.
You writhe in agony.
You shoot an arrow. The arrow closely misses Grinder.
Grinder blinks!
You shoot an arrow. The arrow hits Grinder.
Grinder is moderately wounded.
You shoot an arrow. The arrow hits Grinder.
Grinder is moderately wounded.
You shoot an arrow.
The arrow hits Grinder but does no damage.
Grinder is moderately wounded.
You shoot an arrow. The arrow barely misses Grinder.
Grinder hits you. Grinder hits you!
You shoot an arrow. The arrow hits Grinder.
Grinder is heavily wounded.
Grinder hits you.
You die...
Grinder sighs, "Dead already?
I want a refund."

#.###############.
#.# #. #.# #. #.#
#. #.# #.
####%####### #.
#........... #.
... #.##.#######
#. #.( # #@.......
#. #..
........5..#####
## #.#
...#.......... #.#
...#..#......##
#.# ...#..#....#:#
##### #.#
..<#..#.......#
..... #<#
#......#.#._.#..#
#####
##.#####)..#..#.
.... .# ....
...........#..#
#.###


You could see Grinder.

Vanquished Creatures
  A sleepcap (D:3)
  A ribbon worm (D:2)
  4 bats
  4 endoplasms (D:2)
  A giant cockroach (D:1)
  3 hobgoblins
  6 kobolds
  2 quokkas
  2 ball pythons
  A frilled lizard (D:3)
  7 goblins
  2 rats (D:2)
34 creatures vanquished.

Notes
Turn   | Place    | Note
-------+----------+-------------------------------------------
     0 | D:1      | qw the Gargoyle Hunter began the quest for the Orb.
     0 | D:1      | Reached XP level 1. HP: 12/12 MP: 1/1
     0 | D:1      | 0 ||| qw: Version: 0.3-a-132-g3d54051
     0 | D:1      | 0 ||| qw: Game counter: 44
     0 | D:1      | 0 ||| qw: Melee chars always use a shield: true
     0 | D:1      | 0 ||| qw: God list: Okawaru
     0 | D:1      | 0 ||| qw: Allow faded altars: false
     0 | D:1      | 0 ||| qw: Do Orc after clearing Dungeon:15 true
     0 | D:1      | 0 ||| qw: Do second Lair branch before Depths: true
     0 | D:1      | 0 ||| qw: Lair rune preference: random
     0 | D:1      | 0 ||| qw: Goals: Normal
     0 | D:1      | 0 ||| PLANNING D:1-11
   708 | D:1      | 708 ||| UPGRADING to +0 ring mail.
   718 | D:1      | 718 ||| DROPPING +0 leather armour.
   719 | D:1      | 719 ||| READING scroll labelled CORYKHITW KEAZ.
   719 | D:1      | 719 ||| IDENTIFYING clear potion
   720 | D:1      | 720 ||| READING scroll labelled VUUHUY SUEDU.
   721 | D:1      | 721 ||| READING scroll labelled PAOLIJU GYARY.
   722 | D:1      | 722 ||| READING scroll labelled XUFREIMADA.
   723 | D:1      | 723 ||| DROPPING scroll of butterflies.
   724 | D:1      | 724 ||| DROPPING potion of invisibility.
   742 | D:2      | Reached XP level 2. HP: 17/17 MP: 2/2
   775 | D:2      | Reached skill level 1 in Armour
   867 | D:2      | 867 ||| FLEEEEING.
   876 | D:2      | 876 ||| STAIRDANCE
   902 | D:1      | 902 ||| READING scroll labelled LEITA DIGEC.
   916 | D:1      | 916 ||| DRINKING 2 cyan potions.
   992 | D:2      | Found Ecuxt's Jewellery Boutique.
   995 | D:2      | 995 ||| SHOPLISTING amulet of the Thistle {rF+ Regen+
                  | Dex+2} (482 gold, have 60).
   995 | D:2      | 995 ||| SHOPLISTING amulet of the acrobat (300 gold, have
                  | 60).
   995 | D:2      | 995 ||| SHOPLISTING ring "Ryus" {Will+ SInv} (276 gold,
                  | have 60).
   995 | D:2      | 995 ||| SHOPLISTING ring of fire (250 gold, have 60).
   995 | D:2      | 995 ||| SHOPLISTING ring of resist corrosion (200 gold,
                  | have 60).
   995 | D:2      | 995 ||| SHOPLISTING ring of see invisible (150 gold, have
                  | 60).
  1253 | D:2      | Identified the +1 robe "Feqaj" {rPois Int+3 Stlth+}
  1265 | D:2      | Reached XP level 3. HP: 21/21 MP: 3/3
  1633 | D:2      | 1633 ||| DROPPING +1 robe "Feqaj" {rPois Int+3 Stlth+}.
  1634 | D:2      | 1634 ||| READING scroll labelled LOVUAQ LOPHYKU.
  1671 | D:3      | Reached skill level 5 in Ranged Weapons
  1859 | D:3      | HP: 5/22 [sleepcap (7)]
  1860 | D:3      | 1860 ||| DRINKING potion of heal wounds.
  1865 | D:3      | Reached skill level 3 in Fighting
  1865 | D:3      | Reached XP level 4. HP: 28/28 MP: 4/4
  1872 | D:3      | Noticed Grinder
  1873 | D:3      | Found a stormy altar of Qazlal.
  1892 | D:3      | HP: 5/28 [Grinder (8)]
  1893 | D:3      | Slain by Grinder

Levels and vault maps discovered:
D:1:      reono_arrival_mine, layout_basic, glass_columns_b, minivault_25
D:2:      layout_basic, serial_shops, nicolae_shop_tiny_real_fake_doors,
          kennysheep_generic_room_14
D:3:      layout_loops_ring, mainiacjoe_overflow_tiny_flanked,
          chequers_decorated_corner, chequers_serial_rivers_small_3,
          uniq_grinder

Skill      XL: |  1  2  3 |
---------------+----------+-----
Armour         | 1 |  1.0
Ranged Weapons | 5 |  5.0
Fighting       | 3 |  3.2
Dodging        | |  1.5
Stealth        | |  1.1

Action                     |  1- 3 |  4- 6 || total
---------------------------+-------+-------++-------
   Fire: Shortbow          |   149 |    19 ||   168
    Use: Scroll            |     6 |       ||     6
         Potion            |     2 |       ||     2
 Armour: Leather armour    |    11 |       ||    11
         Ring mail         |    37 |     9 ||    46
  Dodge: Dodged            |    34 |     3 ||    37

Table legend:
 A = Non-vault XP
 B = Vault XP
 C = Vault XP percentage of total XP
 D = Non-vault monster count
 E = Vault monster count
 F = Vault count percentage of total count
                 A         B        C        D         E       F
            +---------+---------+-------+---------+---------+-------
      Total |      96 |       3 |   3.0 |      32 |       2 |   5.9
            +---------+---------+-------+---------+---------+-------
        D:1 |       9 |       0 |   0.0 |       5 |       0 |   0.0
        D:2 |      39 |       3 |   7.1 |      21 |       2 |   8.7
        D:3 |      48 |       0 |   0.0 |       6 |       0 |   0.0
            +---------+---------+-------+---------+---------+-------
